 Dungeon Crawl Stone Soup version 0.21.1-1-g345015f (webtiles) character file.

58 EuclidGuy the Firebug (level 3, -2/28 HPs)
             Began as a Draconian Fire Elementalist on July 5, 2018.
             Slain by a worker ant (5 damage)
             ... on level 2 of the Dungeon.
             The game lasted 00:25:53 (1610 turns).

EuclidGuy the Firebug (Draconian Fire Elementalist) Turns: 1610, Time: 00:25:55

Health: -2/28      AC:  5    Str: 11    XL:     3   Next: 76%
Magic:  0/6        EV: 12    Int: 15    God:
Gold:   43         SH:  0    Dex: 11    Spells: 3/6 levels left

rFire    . . .     SeeInvis .   j - +1 spear (freeze)
rCold    . . .     Gourm    .   (no shield)
rNeg     . . .     Faith    .   (armour unavailable)
rPois    .         Spirit   .   (helmet restricted)
rElec    .         Reflect  .   (no cloak)
rCorr    .         Harm     .   (no gloves)
MR       .....                  (no boots)
Stlth    ++........             (no amulet)
HPRegen  0.09/turn              (no ring)
MPRegen  0.10/turn              (no ring)

@: lethally poisoned (-2 -> -8), very slightly contaminated
A: unfitting armour, cold-blooded, AC +5
a: no special abilities


You were on level 2 of the Dungeon.
You were not hungry.

You visited 1 branch of the dungeon, and saw 2 of its levels.

You collected 43 gold pieces.

Inventory:

Hand Weapons
 j - a +1 spear of freezing (weapon)
Missiles
 d - 24 sling bullets
 q - 9 stones (quivered)
 s - 8 tomahawks
Armour
 e - a +0 leather armour
 f - a cursed +0 buckler
 l - a +0 leather armour
 o - a +1 pair of gloves
Jewellery
 p - a +4 ring of dexterity {unknown}
Scrolls
 i - a scroll of magic mapping {unknown}
 k - 2 scrolls of identify {unknown}
 m - a scroll of enchant armour {unknown}
Potions
 c - a potion of brilliance {unknown}
 g - a potion of berserk rage {unknown}
 h - a potion of agility {unknown}
 n - a potion of resistance {unknown}
Books
 a - a book of Flames

   Spells                             Type                      Level
   a - Flame Tongue                   Conjuration/Fire             1
   b - Throw Flame                    Conjuration/Fire             2
   c - Conjure Flame                  Conjuration/Fire             3
   d - Inner Flame                    Hexes/Fire                   3
   e - Sticky Flame                   Conjuration/Fire             4
   f - Fireball                       Conjuration/Fire             5
Comestibles
 b - 5 rations


   Skills:
 * Level 1.5 Fighting
 + Level 0.2 Polearms
 + Level 2.3 Dodging
 - Level 1.7 Stealth
 + Level 2.3 Spellcasting
 + Level 1.1 Conjurations
 + Level 3.6 Fire Magic


You had 3 spell levels left.
You knew the following spells:

 Your Spells              Type           Power        Failure   Level  Hunger
a - Flame Tongue          Conj/Fire      #....        8%          1    #......
b - Throw Flame           Conj/Fire      #.....       12%         2    ###....


Dungeon Overview and Level Annotations

Branches:
Dungeon (2/15)

Altars:


Innate Abilities, Weirdness & Mutations

Your plain brown scales are hard. (AC +5)
You cannot fit into any form of body armour.
You are cold-blooded and may be slowed by cold attacks.


Message History

You feel sick. The worker ant misses you.
* * * LOW HITPOINT WARNING * * *
You feel sick.
Sorry, you're not good enough to have a special ability.
Casting: Flame Tongue
Confirm with . or Enter, or press ? or * to list all spells.
You don't have enough magic to cast that spell.
Unknown command.
Casting: Flame Tongue
Confirm with . or Enter, or press ? or * to list all spells.
Aiming: Flame Tongue
Press: ? - help, Shift-Dir - straight line, f/p - worker ant
Aim: a worker ant (severely wounded)
The flame tongue hits the worker ant.
The worker ant is almost dead.
* * * LOW HITPOINT WARNING * * *
You feel sick. The worker ant bites you.
* * * LOW HITPOINT WARNING * * *
The worker ant bites you.
You die...

## .. #..##########..#.#
#............... #
#.......###..... ###
#####..### #.### ..
###########.@a....##..# ###
#.......#.).#####....######..
#.........### ###...........
#........## ##...#####.....
#.......### ##...## ###...
#.........####..#.########...
#.............)..............
#............รท....########...
#................## #...


You could see a worker ant.

Vanquished Creatures
  3 adders (D:2)
  A dart slug (D:1)
  2 goblins
  2 hobgoblins
  4 jackals
  3 kobolds
  2 quokkas (D:2)
  2 ball pythons (D:1)
  4 bats (D:1)
  3 frilled lizards (D:2)
  6 rats
32 creatures vanquished.

Notes
Turn   | Place    | Note
-------+----------+-------------------------------------------
     0 | D:1      | EuclidGuy the Draconian Fire Elementalist began the quest for the Orb.
     0 | D:1      | Reached XP level 1. HP: 14/14 MP: 3/3
   323 | D:1      | Reached XP level 2. HP: 12/22 MP: 0/5
  1076 | D:1      | Reached skill level 1 in Fighting
  1146 | D:2      | Reached XP level 3. HP: 25/28 MP: 0/6
  1598 | D:2      | Learned a level 2 spell: Throw Flame
  1610 | D:2      | Slain by a worker ant

Skill      XL: |  1  2 |
---------------+-------+-----
Fighting       | 1 |  1.5
Dodging        | 2 |  2.3
Polearms       | |  0.2
Stealth        | |  1.7
Spellcasting   | |  2.3
Conjurations   | |  1.1
Fire Magic     | |  3.6

Action                   || total
-------------------------++-------
Melee: Short sword       ||     9
       Spear             ||    31
       Tailslap          ||     2
 Cast: Flame Tongue      ||    38
       Throw Flame       ||     1
  Use: Potion            ||     1
  Eat: Chunk             ||     3
Armor: Skin              ||    35
Dodge: Dodged            ||    82
